 Dungeon Crawl Stone Soup version 0.29-a0-1047-g7c58e119a4 (webtiles) character file.

Game seed: 14941589881016174384

2113 quixfox the Destroyer (level 9, 59/62 HPs)
             Began as a Demonspawn Conjurer on Aug 16, 2022.
             Quit the game on level 6 of the Dungeon.
             The game lasted 00:14:07 (6716 turns).

quixfox the Destroyer (Demonspawn Conjurer)         Turns: 6716, Time: 00:14:08

Health: 59/62      AC:  5    Str:  8    XL:     9   Next: 8%
Magic:  14/18      EV: 11    Int: 23    God:
Gold:   170        SH:  4    Dex: 12    Spells: 14/21 levels left

rFire   . . .      SeeInvis +   h - +2 dagger (vamp)
rCold   . . .      Faith    .   (no shield)
rNeg    . . .      Spirit   .   q - +1 leather armour {rPois}
rPois   +          Reflect  .   (helmet restricted)
rElec   .          Harm     .   (no cloak)
rCorr   .          Rampage  .   c - +0 pair of gloves
Will    .....                   (no boots)
Stlth   ++........              s - amulet of regeneration
HPRegen 1.00/turn               g - ring of see invisible
MPRegen 0.16/turn               (no ring)

@: no status effects
A: hooves 1, horns 2, condensation shield, demonic touch 2
a: no special abilities


You were on level 6 of the Dungeon.
You visited 1 branch of the dungeon, and saw 6 of its levels.

You collected 170 gold pieces.

Inventory:

Hand Weapons
 h - a +2 vampiric dagger (weapon)
Missiles
 l - 2 throwing nets
Armour
 c - a +0 pair of gloves (worn)
 q - a +1 leather armour of poison resistance (worn)
Jewellery
 g - a ring of see invisible (left hand)
 s - an amulet of regeneration (around neck)
Wands
 o - a wand of iceblast (14)
Scrolls
 a - a scroll of identify
 d - 3 scrolls of teleportation
 i - a scroll of enchant armour {unknown}
 j - 3 scrolls of butterflies
 k - a scroll of enchant weapon {unknown}
 n - a scroll of torment {unknown}
 t - a scroll of magic mapping {unknown}
Potions
 b - 2 potions of magic
 e - 5 potions of curing
 f - a potion of resistance
 m - a potion of might {unknown}
 p - 3 potions of lignification
 r - 2 potions of mutation {unknown}
 u - a potion of ambrosia {unknown}
 v - a potion of heal wounds {unknown}


   Skills:
 + Level 2.7 Fighting
 + Level 4.5 Armour
 - Level 1.7 Dodging
 - Level 1.7 Stealth
 + Level 6.5 Spellcasting
 + Level 8.0 Conjurations
 - Level 3.0 Translocations


You had 14 spell levels left.
You knew the following spells:

 Your Spells              Type           Power      Damage    Failure   Level
a - Magic Dart            Conj           100%       1d8       1%          1
b - Searing Ray           Conj           88%        2d7       1%          2
c - Iskenderun's Mystic   Conj/Tloc      32%        2d8       12%         4

Your spell library contained the following spells:

 Spells                   Type           Power      Damage    Failure   Level
 Dazzling Flash           Conj/Hex       50%        N/A       6%          3
 Fulminant Prism          Conj/Hex       12%        3d9       22%         4
 Petrify                  Tmut/Erth      7%         N/A       73%         4
 Metabolic Englaciation   Hex/Ice        3%         N/A       97%         5
 Statue Form              Tmut/Erth      4%         N/A       100%        6


Dungeon Overview and Level Annotations

Branches:
Dungeon (6/15)
 Temple: D:4-7

Altars:
Cheibriados
Dithmenos
Gozag
Okawaru
Qazlal
Trog
Wu Jian


Innate Abilities, Weirdness & Mutations

You have large cloven feet.
You have a pair of horns on your head.
A meltable shield of frost defends you. (SH +4)
Your touch may inflict irresistible damage on your foes.


Message History

The magic dart hits the iguana but does no damage.
The iguana hisses angrily.
A hound comes into view.
The magic dart hits the hound.
The hound is lightly wounded.
A gnoll comes into view. It is wielding a +0 club.
Things that are here:
a +0 hand axe; an orc corpse
Things that are here:
a +0 falchion; a +0 ring mail; an orc corpse You barely miss the hound.
Your headbutt misses the hound.
You touch the hound!
The hound is heavily wounded.
The hound misses you.
You hit the hound. Your headbutt misses the hound.
You touch the hound!
You kill the hound!
Your Conjurations skill increases to level 8!
Casting: Magic Dart (safe; 1% risk of failure)
Confirm with . or Enter, or press ? or * to list all spells.
Aiming: Searing Ray (safe; 1% risk of failure)
Press: ? - help, Shift-Dir - straight line, f - orc
Aim: an orc, wielding a +0 club (82% to hit)
The searing ray hits the orc!
You kill the orc! (Press . to maintain the ray.)
The searing ray hits the iguana.
The iguana is moderately wounded.
The searing ray hits the iguana.
The iguana is moderately wounded.
The searing ray hits the iguana.
The iguana is heavily wounded.
You finish channelling your searing ray.
You hit the iguana. You kick the iguana, but do no damage.
The iguana is severely wounded.
The iguana bites you.
You closely miss the iguana.
You touch the iguana.
You kill the iguana!
Casting: Searing Ray (safe; 1% risk of failure)
Confirm with . or Enter, or press ? or * to list all spells.
Okay, then.
Are you sure you want to abandon this character and quit the game? (Confirm with "yes".)

...# #.###
#.#.........# # ...#
#>..# #.#######.### #
...#######...#
#.........# #
...##........#
#.#.#######
...##........# #.#.#
...##........# #.#.#
.######....#.# #.#.#
.# #....#.# #.#.. .#
######.###@### .#####
#..##.# .....#
##.##.# .. ####.#
#.##)# . #.# #..#.##.
####.# ##.#†#.. J
.....### #...#.# .#
.......########.)#.##
..#
#.####...........#..#
h.g.


There were no monsters in sight!

Vanquished Creatures
  Pikel (D:4)
  Grinder (D:6)
  Eustachio (D:4)
  A steam dragon (D:6)
  A water moccasin (D:4)
  A lemure (D:4)
  2 bullfrogs (D:6)
  2 scorpions (D:5)
  A howler monkey (D:6)
  A hound (D:6)
  2 jellies
  2 orc priests
  A gnoll bouda (D:4)
  Jessica (D:2)
  2 iguanas
  Ijyb (D:4)
  5 orc wizards
  A mummy (D:5)
  Robin (D:4)
  12 gnolls
  11 adders
  3 white imps
  An ufetubus (D:6)
  4 dart slugs
  20 orcs
  5 ball pythons
  9 endoplasms
  A giant cockroach (D:2)
  13 goblins
  6 hobgoblins
  8 kobolds
  5 quokkas
  5 bats
  2 frilled lizards
  3 rats (D:2)
136 creatures vanquished.

Notes
Turn   | Place    | Note
-------+----------+-------------------------------------------
     0 | D:1      | quixfox the Demonspawn Conjurer began the quest for the
                  | Orb.
     0 | D:1      | Reached XP level 1. HP: 13/13 MP: 3/3
   286 | D:1      | Discovered your monstrous ancestry.
   286 | D:1      | Gained mutation: You have large cloven feet. [demonic
                  | ancestry]
   286 | D:1      | Reached XP level 2. HP: 19/19 MP: 1/5
   839 | D:2      | Found an ornate altar of the Wu Jian Council.
   865 | D:2      | Learned a level 2 spell: Searing Ray
   869 | D:2      | Reached XP level 3. HP: 24/24 MP: 5/7
  1228 | D:2      | Gained mutation: Your touch may inflict minor irresistible
                  | damage on your foes. [demonic ancestry]
  1228 | D:2      | Reached XP level 4. HP: 30/30 MP: 3/8
  1229 | D:2      | Reached skill level 5 in Conjurations
  1661 | D:2      | Noticed Jessica
  1663 | D:2      | Killed Jessica
  1664 | D:2      | Gained mutation: You have a pair of small horns on your
                  | head. [demonic ancestry]
  1664 | D:2      | Reached XP level 5. HP: 35/35 MP: 6/10
  2552 | D:3      | Found a faded altar of an unknown god.
  2813 | D:3      | Gained mutation: A meltable shield of frost defends you.
                  | (SH +4) [demonic ancestry]
  2813 | D:3      | Reached XP level 6. HP: 17/41 MP: 5/12
  3099 | D:3      | Reached skill level 6 in Conjurations
  3111 | D:3      | Learned a level 4 spell: Iskenderun's Mystic Blast
  3299 | D:4      | Noticed Eustachio
  3316 | D:4      | Killed Eustachio
  3317 | D:4      | Reached skill level 1 in Armour
  3317 | D:4      | Reached skill level 1 in Translocations
  3522 | D:4      | Noticed Ijyb
  3531 | D:4      | Killed Ijyb
  3643 | D:4      | Noticed a water moccasin
  3648 | D:4      | Killed a water moccasin
  3649 | D:4      | Gained mutation: You have a pair of horns on your head.
                  | [demonic ancestry]
  3649 | D:4      | Reached XP level 7. HP: 46/46 MP: 7/14
  3786 | D:4      | Noticed Robin
  3871 | D:4      | Killed Robin
  4055 | D:4      | Reached skill level 5 in Spellcasting
  4177 | D:4      | Noticed Pikel
  4200 | D:4      | Killed Pikel
  4201 | D:4      | Reached skill level 7 in Conjurations
  4201 | D:4      | Reached XP level 8. HP: 22/52 MP: 1/16
  4783 | D:5      | Entered Level 5 of the Dungeon
  5004 | D:5      | Found an opulent altar of Gozag.
  5005 | D:5      | Found a bloodstained altar of Trog.
  5027 | D:5      | Found a stormy altar of Qazlal.
  5028 | D:5      | Found a shadowy altar of Dithmenos.
  5054 | D:5      | Found a snail-covered altar of Cheibriados.
  5423 | D:5      | Found an iron altar of Okawaru.
  6065 | D:6      | Reached skill level 1 in Fighting
  6180 | D:6      | Noticed Grinder
  6188 | D:6      | Paralysed by Grinder for 2 turns
  6203 | D:6      | Killed Grinder
  6584 | D:6      | Gained mutation: Your touch may inflict irresistible damage
                  | on your foes. [demonic ancestry]
  6584 | D:6      | Reached XP level 9. HP: 56/62 MP: 8/18
  6706 | D:6      | Reached skill level 8 in Conjurations
  6716 | D:6      | Quit the game

Illustrated notes

Levels and vault maps discovered:
D:1:      reono_arrival_mine, layout_rooms, supply_closet_lemuel,
          lemuel_another_geyser
D:2:      kennysheep_six_static_rooms, layout_basic, basic_altar, minivault_25,
          ebering_dispersal_statue_hall, uniq_jessica
D:3:      layout_basic, shapermc_ecumenical_altar_mp_ritualfount
D:4:      layout_gridville, uniq_robin, uniq_pikel, uniq_eustachio, uniq_ijyb
D:5:      layout_gridville, chequers_temple_overflow_statue_of_worship,
          general_overflow_altar, okawaru_ov_weapons_minmay, slow_altar_1,
          minmay_misc_feat_roman
D:6:      layout_basic, old_standard_altar, serial_shops, kennysheep_little_box,
          minmay_ruined_shrine, uniq_grinder

Skill      XL: |  1  2  3  4  5  6  7  8  9 |
---------------+----------------------------+-----
Spellcasting   | 3 4 5 6 |  6.5
Conjurations   | 5 6 7 8 |  8.0
Armour         | 1 2 4 |  4.5
Translocations | 1 3 |  3.0
Fighting       | 2 |  2.7
Dodging        | |  1.7
Stealth        | |  1.7

Action                   |  1- 3 |  4- 6 |  7- 9 || total
-------------------------+-------+-------+-------++-------
Melee: Dagger            |     4 |     7 |     6 ||    17
       Touch             |       |     1 |     4 ||     5
       Kick              |       |     2 |     3 ||     5
       Headbutt          |       |     1 |     1 ||     2
 Cast: Magic Dart        |    53 |    65 |    90 ||   208
       Searing Ray       |     2 |    17 |    30 ||    49
  Use: Scroll            |       |     4 |     1 ||     5
Armor: Robe              |     1 |     7 |     2 ||    10
       Leather armour    |       |       |     7 ||     7
Dodge: Dodged            |    13 |    18 |    19 ||    50
Block: Other             |       |     2 |     6 ||     8

Table legend: (Time is in decaauts)
 A = Elapsed time spent in this place.
 B = Non-inter-level travel time spent in this place.
 C = Inter-level travel time spent in this place.
 D = Time resting spent in this place.
 E = Time spent auto-exploring this place.
 F = Levels seen in this place.
 G = Mean time per level.
                   A        B        C        D        E       F      G
               +--------+--------+--------+--------+--------+-----+--------+
         Total |   6717 |   6583 |    134 |    784 |   5018 |   6 | 1119.5 |
       Dungeon |   6717 |   6583 |    134 |    784 |   5018 |   6 | 1119.5 |
               +--------+--------+--------+--------+--------+-----+--------+

Top non-repeatable levels by time:
     D:4: 1606 daAuts
     D:5: 1263 daAuts
     D:2: 1226 daAuts
     D:3: 1178 daAuts
     D:1: 773 daAuts
     D:6: 668 daAuts
